TOP OF THE 1ST |
Everett AquaSox batting - Pitching for Chicago (NYP) White Sox : RHP Travis Stump
|
Pitching: RHP Travis Stump
|
|
Batting: SHB Detlef Oursler
|
0-0: Ball 1-0: Ball 2-0: Bunt for hit to 23 - play at first, batter OUT! 3-4
|
Batting: RHB Tze-meng Li
|
0-0: Ground out 5-3 (Groundball, 5S, EV 63.1 MPH)
|
Batting: LHB Ryan Lowe
|
0-0: Ball 1-0: Ball 2-0: Fly out, F6 (Popup, 15, EV 80.0 MPH)
|
Top of the 1st over - 0 runs, 0 hits, 0 errors, 0 left on base; Everett 0 - Chicago (NYP) 0 |
BOTTOM OF THE 1ST |
Chicago (NYP) White Sox batting - Pitching for Everett AquaSox : RHP Jose Albarran
|
Pitching: RHP Jose Albarran
|
|
Batting: SHB Ruben Velasco Jr.
|
0-0: DOUBLE (Line Drive, 3D, EV 108.8 MPH)
|
Batting: LHB Matt Hyde
|
0-0: Called Strike 0-1: Foul Ball, location: 2F 0-2: SINGLE (Flyball, 4D, EV 90.0 MPH) - OUT at second base trying to stretch hit. Ruben Velasco Jr. scores
|
Batting: LHB Josh Pittman
|
0-0: Ball 1-0: Ball 2-0: Ball 3-0: Called Strike 3-1: Foul Ball, location: 2F 3-2: Foul Ball, location: 2F 3-2: Base on Balls
|
Batting: LHB Ryan Dyal
|
0-0: Ball 1-0: Ball 2-0: Foul Ball, location: 2F 2-1: Swinging Strike 2-2: Ball 3-2: Fielders Choice at 2nd, 4-6 (Groundball, 4MD, EV 98.1 MPH)
|
Batting: RHB Vic Lucatero
|
0-0: Ball 1-0: Foul Ball, location: 2F 1-1: Foul Ball, location: 2F 1-2: Ball 2-2: Strikes out swinging
|
Bottom of the 1st over - 1 run, 2 hits, 0 errors, 1 left on base; Everett 0 - Chicago (NYP) 1 |
TOP OF THE 2ND |
Everett AquaSox batting - Pitching for Chicago (NYP) White Sox : RHP Travis Stump
|
Batting: LHB Jawad Fahad
|
0-0: Ball 1-0: Ball 2-0: Ball 3-0: Foul Ball, location: 2F 3-1: Called Strike 3-2: Reached on error, E5 (Groundball, 5D, EV 109.4 MPH)
|
Batting: LHB Jason Hopkins
|
0-0: Ball 1-0: Swinging Strike Passed Ball! Jawad Fahad to third 1-1: Ball 2-1: Ball 3-1: Foul Ball, location: 2F 3-2: Strikes out swinging
|
Batting: RHB Hideo Okimura
|
0-0: Foul Ball, location: 2F 0-1: Foul Ball, location: 2F 0-2: Ball 1-2: Foul Ball, location: 2F 1-2: Ground out 5-3 (Groundball, 15, EV 83.8 MPH) Jawad Fahad scores
|
Batting: RHB Salvador Avina
|
0-0: Ball 1-0: Called Strike 1-1: Called Strike 1-2: Strikes out looking
|
Top of the 2nd over - 1 run, 0 hits, 1 error, 0 left on base; Everett 1 - Chicago (NYP) 1 |
BOTTOM OF THE 2ND |
Chicago (NYP) White Sox batting - Pitching for Everett AquaSox : RHP Jose Albarran
|
Batting: LHB Larry Myers
|
0-0: Ball 1-0: Foul Ball, location: 2F 1-1: Swinging Strike 1-2: Ball 2-2: Ground out 4-3 (Groundball, 4M, EV 84.4 MPH)
|
Batting: RHB Yorkis Saiki
|
0-0: Ground out 4-3 (Groundball, 4, EV 99.4 MPH)
|
Batting: LHB Adam Tarbutton
|
0-0: Ball 1-0: Swinging Strike 1-1: Ball 2-1: Called Strike 2-2: Fly out, F6 (Popup, 4MD, EV 58.1 MPH)
|
Bottom of the 2nd over - 0 runs, 0 hits, 0 errors, 0 left on base; Everett 1 - Chicago (NYP) 1 |
TOP OF THE 3RD |
Everett AquaSox batting - Pitching for Chicago (NYP) White Sox : RHP Travis Stump
|
Batting: LHB Omar Colunga
|
0-0: Ball 1-0: Called Strike 1-1: Foul Ball, location: 2F 1-2: Strikes out swinging
|
Batting: LHB Leão Alvide
|
0-0: Fly out, F8 (Line Drive, 8RM, EV 105.0 MPH)
|
Batting: SHB Detlef Oursler
|
0-0: Foul Ball, location: 2F 0-1: Foul Ball, location: 2F 0-2: Ball 1-2: Strikes out looking
|
Top of the 3rd over - 0 runs, 0 hits, 0 errors, 0 left on base; Everett 1 - Chicago (NYP) 1 |
BOTTOM OF THE 3RD |
Chicago (NYP) White Sox batting - Pitching for Everett AquaSox : RHP Jose Albarran
|
Batting: RHB Victor Orozco
|
0-0: Ball 1-0: SINGLE (Groundball, 56D, EV 105.6 MPH)
|
Batting: SHB Ruben Velasco Jr.
|
0-0: Swinging Strike 0-1: Ball 1-1: Swinging Strike 1-2: Strikes out looking
|
Batting: LHB Matt Hyde
|
0-0: Swinging Strike 0-1: Fielders Choice at 2nd, 4-6 (Groundball, 4, EV 88.1 MPH)
|
Batting: LHB Josh Pittman
|
0-0: Called Strike Matt Hyde steals 2nd base 0-1: Ground out 5-3 (Groundball, 56, EV 106.9 MPH)
|
Bottom of the 3rd over - 0 runs, 1 hit, 0 errors, 1 left on base; Everett 1 - Chicago (NYP) 1 |
TOP OF THE 4TH |
Everett AquaSox batting - Pitching for Chicago (NYP) White Sox : RHP Travis Stump
|
Batting: RHB Tze-meng Li
|
0-0: Ground out 5-3 (Groundball, 56S, EV 82.5 MPH)
|
Batting: LHB Ryan Lowe
|
0-0: Ball 1-0: Foul Ball, location: 2F 1-1: Foul Ball, location: 2F 1-2: Ball 2-2: Foul Ball, location: 2F 2-2: Strikes out swinging
|
Batting: LHB Jawad Fahad
|
0-0: Foul Ball, location: 2F 0-1: Ball 1-1: Foul Ball, location: 2F 1-2: Strikes out swinging
|
Top of the 4th over - 0 runs, 0 hits, 0 errors, 0 left on base; Everett 1 - Chicago (NYP) 1 |
BOTTOM OF THE 4TH |
Chicago (NYP) White Sox batting - Pitching for Everett AquaSox : RHP Jose Albarran
|
Batting: LHB Ryan Dyal
|
0-0: Called Strike 0-1: Swinging Strike 0-2: Ball 1-2: Ball 2-2: SINGLE (Line Drive, 8RS, EV 110.0 MPH)
|
Batting: RHB Vic Lucatero
|
0-0: Ball 1-0: Fielders Choice at 2nd, 6-4 (Groundball, 6, EV 88.8 MPH)
|
Batting: LHB Larry Myers
|
0-0: Ball Vic Lucatero steals 2nd, throwing error, E2 Vic Lucatero to third 1-0: Fly out, F8 (Flyball, 8LD, EV 92.5 MPH) Runner from 3rd tags up, SCORES, throw by CF
|
Batting: RHB Yorkis Saiki
|
0-0: Called Strike 0-1: Ball 1-1: Ball 2-1: Ground out 4-3 (Groundball, 4, EV 83.1 MPH)
|
Bottom of the 4th over - 1 run, 1 hit, 1 error, 0 left on base; Everett 1 - Chicago (NYP) 2 |
TOP OF THE 5TH |
Everett AquaSox batting - Pitching for Chicago (NYP) White Sox : RHP Travis Stump
|
Batting: LHB Jason Hopkins
|
0-0: Ball 1-0: Ball 2-0: Ball 3-0: Called Strike 3-1: Fly out, F7 (Flyball, 7D, EV 101.9 MPH)
|
Batting: RHB Hideo Okimura
|
0-0: Ball 1-0: Ball 2-0: Ball 3-0: Base on Balls
|
Batting: RHB Salvador Avina
|
0-0: Foul Ball, location: 2F 0-1: Ball 1-1: Swinging Strike 1-2: Strikes out looking
|
Batting: LHB Omar Colunga
|
0-0: Foul Ball, location: 2F 0-1: Fly out, F6 (Line Drive, 6, EV 74.4 MPH)
|
Top of the 5th over - 0 runs, 0 hits, 0 errors, 1 left on base; Everett 1 - Chicago (NYP) 2 |
BOTTOM OF THE 5TH |
Chicago (NYP) White Sox batting - Pitching for Everett AquaSox : RHP Jose Albarran
|
Batting: LHB Adam Tarbutton
|
0-0: Ball 1-0: Called Strike 1-1: Foul Ball, location: 2F 1-2: Ground out 3-1 (Groundball, 34, EV 103.8 MPH)
|
Batting: RHB Victor Orozco
|
0-0: Ball 1-0: Ball 2-0: Foul Ball, location: 2F 2-1: Foul Ball, location: 2F 2-2: Ball 3-2: Ground out 1-3 (Groundball, 34S, EV 66.2 MPH)
|
Batting: SHB Ruben Velasco Jr.
|
0-0: Foul Ball, location: 2F 0-1: Ball 1-1: Ball 2-1: Ball 3-1: Called Strike 3-2: Base on Balls
|
Batting: LHB Matt Hyde
|
0-0: Ball 1-0: Fielders Choice at 2nd, U6 (Groundball, 6M, EV 101.9 MPH)
|
Bottom of the 5th over - 0 runs, 0 hits, 0 errors, 1 left on base; Everett 1 - Chicago (NYP) 2 |
TOP OF THE 6TH |
Everett AquaSox batting - Pitching for Chicago (NYP) White Sox : RHP Travis Stump
|
Batting: LHB Leão Alvide
|
0-0: Foul Ball, location: 2F 0-1: Ball 1-1: Fly out, F9 (Flyball, 89D, EV 108.1 MPH)
|
Batting: SHB Detlef Oursler
|
0-0: Ball 1-0: Foul Ball, location: 2F 1-1: Called Strike 1-2: Ball 2-2: Foul Ball, location: 2F 2-2: SINGLE (Groundball, 4, EV 106.2 MPH)
|
Batting: RHB Tze-meng Li
|
0-0: Ball Detlef Oursler steals 2nd base 1-0: Ball 2-0: Called Strike Detlef Oursler steals 3rd base (no throw) 2-1: Ball 3-1: Called Strike 3-2: Foul Ball, location: 2F 3-2: SINGLE (Groundball, 6MD, EV 105.0 MPH) Detlef Oursler scores
|
Batting: LHB Ryan Lowe
|
0-0: Ball Wild Pitch! Tze-meng Li to second 1-0: Ball 2-0: Called Strike 2-1: Swinging Strike Passed Ball! Tze-meng Li to third 2-2: Strikes out swinging
|
Batting: LHB Jawad Fahad
|
0-0: Swinging Strike 0-1: Called Strike 0-2: Strikes out swinging
|
Top of the 6th over - 1 run, 2 hits, 0 errors, 1 left on base; Everett 2 - Chicago (NYP) 2 |
BOTTOM OF THE 6TH |
Chicago (NYP) White Sox batting - Pitching for Everett AquaSox : RHP Jose Albarran
|
Batting: LHB Josh Pittman
|
0-0: Called Strike 0-1: Swinging Strike 0-2: Foul Ball, location: 2F 0-2: Ball 1-2: Ball 2-2: Strikes out swinging
|
Batting: LHB Ryan Dyal
|
0-0: Ball 1-0: Ball 2-0: Called Strike 2-1: Ball 3-1: Base on Balls
|
Batting: RHB Vic Lucatero
|
0-0: Called Strike 0-1: Foul Ball, location: 2F 0-2: Foul Ball, location: 2F 0-2: Strikes out swinging
|
Batting: LHB Larry Myers
|
0-0: Ball 1-0: Swinging Strike 1-1: Called Strike 1-2: Ball 2-2: Strikes out swinging
|
Bottom of the 6th over - 0 runs, 0 hits, 0 errors, 1 left on base; Everett 2 - Chicago (NYP) 2 |
TOP OF THE 7TH |
Everett AquaSox batting - Pitching for Chicago (NYP) White Sox : RHP Travis Stump
|
Batting: LHB Jason Hopkins
|
0-0: Ground out U3 (Groundball, 3, EV 109.4 MPH)
|
Batting: RHB Hideo Okimura
|
0-0: Ball 1-0: Ground out 1-3 (Groundball, 13S, EV 67.5 MPH)
|
Batting: RHB Salvador Avina
|
0-0: Called Strike 0-1: Ball 1-1: Ball 2-1: Swinging Strike 2-2: Ball 3-2: Fly out, F3 (Popup, 3DF, EV 76.2 MPH)
|
Top of the 7th over - 0 runs, 0 hits, 0 errors, 0 left on base; Everett 2 - Chicago (NYP) 2 |
BOTTOM OF THE 7TH |
Chicago (NYP) White Sox batting - Pitching for Everett AquaSox : RHP Jose Albarran
|
Pitching: RHP Robby Reyna
|
|
Batting: RHB Yorkis Saiki
|
0-0: Ball 1-0: Ground out 4-3 (Groundball, 4, EV 85.6 MPH)
|
Batting: LHB Adam Tarbutton
|
0-0: Ball 1-0: Ball 2-0: Ball 3-0: Called Strike 3-1: DOUBLE (Line Drive, 89M, EV 105.0 MPH)
|
Pinch Hitting: LHB Herkko Haavikko
|
0-0: Foul Ball, location: 2F 0-1: Foul Ball, location: 2F 0-2: Ball 1-2: Foul Ball, location: 2F 1-2: Fly out, F7 (Flyball, 7LS, EV 82.5 MPH)
|
Batting: SHB Ruben Velasco Jr.
|
0-0: Foul Ball, location: 2F 0-1: Swinging Strike 0-2: Ball 1-2: Ball 2-2: Ball 3-2: Base on Balls
|
Batting: LHB Matt Hyde
|
0-0: Swinging Strike 0-1: SINGLE (Groundball, 4MD, EV 109.4 MPH) Adam Tarbutton to third Ruben Velasco Jr. to second Runner from 3rd tries for Home, SAFE, throw by CF to home
|
Batting: LHB Josh Pittman
|
0-0: Ball 1-0: Called Strike 1-1: Swinging Strike 1-2: Strikes out swinging
|
Bottom of the 7th over - 1 run, 2 hits, 0 errors, 2 left on base; Everett 2 - Chicago (NYP) 3 |
TOP OF THE 8TH |
Everett AquaSox batting - Pitching for Chicago (NYP) White Sox : RHP Travis Stump
|
Pitching: LHP Martin Cotado
|
|
Now at 3B: Gonçalo Burhil
|
|
Pinch Hitting: RHB Josh Ruhl
|
0-0: Hit by Pitch
|
Batting: LHB Leão Alvide
|
0-0: Sac Bunt to 23 - play at first, batter OUT! 3-4 Josh Ruhl to second
|
Pitching: RHP Jorge Aranda
|
|
Batting: SHB Detlef Oursler
|
0-0: Called Strike 0-1: Foul Ball, location: 2F 0-2: Strikes out looking
|
Batting: RHB Tze-meng Li
|
0-0: Ball 1-0: Called Strike 1-1: Ball 2-1: Ground out 6-3 (Groundball, 56, EV 87.5 MPH)
|
Top of the 8th over - 0 runs, 0 hits, 0 errors, 1 left on base; Everett 2 - Chicago (NYP) 3 |
BOTTOM OF THE 8TH |
Chicago (NYP) White Sox batting - Pitching for Everett AquaSox : RHP Robby Reyna
|
Pitching: RHP Jace Daniels
|
|
Now in CF: Josh Ruhl
|
|
Batting: LHB Ryan Dyal
|
0-0: Ball 1-0: Ball 2-0: Foul Ball, location: 2F 2-1: Swinging Strike 2-2: Ball 3-2: SINGLE (Groundball, 56D, EV 98.8 MPH)
|
Batting: RHB Vic Lucatero
|
0-0: Swinging Strike 0-1: 2-RUN HOME RUN (Flyball, 7D, EV 98.1 MPH), Distance : 391 ft
|
Batting: LHB Larry Myers
|
0-0: Foul Ball, location: 2F 0-1: Swinging Strike 0-2: Foul Ball, location: 2F 0-2: Foul Ball, location: 2F 0-2: Ball 1-2: Strikes out looking
|
Batting: RHB Yorkis Saiki
|
0-0: Swinging Strike 0-1: Fly out, F8 (Flyball, 8RD, EV 91.2 MPH)
|
Batting: LHB Adam Tarbutton
|
0-0: Ball 1-0: Ball 2-0: Foul Ball, location: 2F 2-1: Swinging Strike 2-2: Strikes out swinging
|
Bottom of the 8th over - 2 runs, 2 hits, 0 errors, 0 left on base; Everett 2 - Chicago (NYP) 5 |
TOP OF THE 9TH |
Everett AquaSox batting - Pitching for Chicago (NYP) White Sox : RHP Jorge Aranda
|
Pitching: RHP Nate Ragain
|
|
Batting: LHB Ryan Lowe
|
0-0: Ball 1-0: Fly out, F8 (Flyball, 8LM, EV 81.2 MPH)
|
Batting: LHB Jawad Fahad
|
0-0: Swinging Strike 0-1: Called Strike 0-2: Ball 1-2: Strikes out swinging
|
Batting: LHB Jason Hopkins
|
0-0: TRIPLE (Flyball, 89D, EV 104.4 MPH)
|
Batting: RHB Hideo Okimura
|
0-0: Called Strike 0-1: Ball 1-1: Ball 2-1: Called Strike 2-2: Ball 3-2: Base on Balls
|
Batting: RHB Salvador Avina
|
0-0: Ball 1-0: Fly out, F7 (Flyball, 7, EV 73.8 MPH)
|
Top of the 9th over - 0 runs, 1 hit, 0 errors, 2 left on base; Everett 2 - Chicago (NYP) 5 |
|